 Dungeon Crawl Stone Soup version 0.20-a0-1078-g4874019 (webtiles) character file.

336 Deemzul the Skirmisher (level 6, -1/48 HPs)
             Began as a Demonspawn Fighter on Apr 30, 2017.
             Killed by nerve-wracking pain
             ... invoked by a shadow imp
             ... summoned by Natasha
              (13 damage)
             ... on level 4 of the Dungeon.
             The game lasted 00:04:34 (3386 turns).

Deemzul the Skirmisher (Demonspawn Fighter)         Turns: 3386, Time: 00:04:35

Health: -1/48      AC:  9    Str: 16    XL:     6   Next: 28%
Magic:  6/6        EV:  7    Int: 10    God:
Gold:   176        SH:  9    Dex: 14    Spells: 5/5 levels left

rFire    . . .     SeeInvis .   a - +0 war axe
rCold    . . .     Gourm    .   c - +0 shield
rNeg     . . .     Faith    .   b - +0 scale mail
rPois    .         Spirit   .   (helmet restricted)
rElec    .         Reflect  .   (no cloak)
rCorr    +         Harm     .   (no gloves)
MR       .....                  (no boots)
Stlth    ..........             (no amulet)
Regen    0.2/turn               o - ring of resist corrosion
MPRegen  0.1/turn               (no ring)

@: no status effects
A: antennae 1, icy blue scales 1, demonic guardian 2
a: no special abilities


You were on level 4 of the Dungeon.
You were not hungry.

You visited 1 branch of the dungeon, and saw 4 of its levels.

You collected 176 gold pieces.

Inventory:

Hand Weapons
 a - a +0 war axe (weapon)
 s - a +0 blowgun
Missiles
 t - 12 poisoned needles
 u - 3 javelins (quivered)
Armour
 b - a +0 scale mail (worn)
 c - a +0 shield (worn)
Jewellery
 o - a ring of resist corrosion (left hand)
Wands
 r - a wand of iceblast (2/15)
Scrolls
 h - 2 scrolls of teleportation {unknown}
 i - 7 scrolls of identify {unknown}
 m - a scroll of magic mapping {unknown}
 n - a scroll of blinking {unknown}
 q - a scroll of recharging {unknown}
 w - a scroll of noise {unknown}
Potions
 d - 2 potions of might
 e - a potion of flight {unknown}
 g - 2 potions of agility {unknown}
 j - a potion of invisibility {unknown}
 p - 4 potions of curing {unknown}
Comestibles
 f - a bread ration
 k - 6 meat rations
 l - a royal jelly
 v - 3 fruits


   Skills:
 + Level 4.1 Fighting
 * Level 4.0 Axes
 + Level 3.9 Armour
 + Level 3.5 Shields


You had 5 spell levels left.
You didn't know any spells.

Dungeon Overview and Level Annotations

Branches:
Dungeon (4/15)
 Temple: D:4-7

Altars:
Ashenzari
Vehumet
The Shining One

Annotations:
D:4 Natasha


Innate Abilities, Weirdness & Mutations

You have a pair of small antennae on your head.
You are partially covered in icy blue scales. (AC +2)
A demonic guardian rushes to your aid.


Message History

Natasha casts a spell at you. You resist with some effort.
The iron imp hits you but does no damage. x2
Natasha claws you. You block the shadow imp's attack.
Your shield and scale mail prevent you from hitting Natasha.
Natasha is almost dead.
You barely miss the iron imp. You closely miss the iron imp.
You hit the shadow imp. You block the iron imp's attack. The iron imp hits you.
The shadow imp hits you.
* * * LOW HITPOINT WARNING * * *
Natasha closely misses you.
Unknown command.
Unknown command.
You barely miss Natasha.
Natasha is almost dead.
You hit the shadow imp. You closely miss the iron imp.
You hit the iron imp but do no damage. You block the iron imp's attack.
The shadow imp gestures at you. Pain shoots through your body!
You die...

#. #.# #.#+####.# #........#
#......$.# #........#
#........# #......))# #
#...55.).######.# .##
###...h@5.........## ...
.......##.#.#........
##.#####.###.####.#.#.#######
............................#
##.##..#.###........#..####.#
#...................#..# #.#
#..##...#.##.#..#...#..# #.#
#...................#..# #.#
...##.#..#..........#..# #.#


You could see 2 iron imps, Natasha and a shadow imp.

Vanquished Creatures
  A hound (D:4)
  Natasha (twice) (D:3 D:4)
  An iguana (D:4)
  An orc wizard (D:4)
  Robin (D:3)
  4 adders (D:3)
  6 oozes
  4 worms
  4 dart slugs
  A leopard gecko (D:2)
  4 orcs
  3 ball pythons
  10 giant cockroaches
  13 goblins
  16 hobgoblins
  4 jackals
  5 kobolds
  A quokka (D:3)
  11 bats
  7 frilled lizards
  12 rats
111 creatures vanquished.

Vanquished Creatures (collateral kills)
  A giant cockroach (D:1)
  A rat (D:1)
2 creatures vanquished.

Grand Total: 113 creatures vanquished

Notes
Turn   | Place    | Note
-------+----------+-------------------------------------------
     0 | D:1      | Deemzul the Demonspawn Fighter began the quest for the Orb.
     0 | D:1      | Reached XP level 1. HP: 18/18 MP: 1/1
     1 | D:1      | Found a runed door.
    75 | D:1      | Gained mutation: A weak demonic guardian rushes to your aid. [demonic ancestry]
    75 | D:1      | Reached XP level 2. HP: 22/24 MP: 2/2
   727 | D:1      | Gained mutation: A demonic guardian rushes to your aid. [demonic ancestry]
   727 | D:1      | Reached XP level 3. HP: 22/29 MP: 3/3
   965 | D:2      | Found a radiant altar of Vehumet.
   986 | D:2      | Gained mutation: You have a pair of small antennae on your head. [demonic ancestry]
   986 | D:2      | Reached XP level 4. HP: 33/35 MP: 4/4
  1729 | D:3      | Found a glowing golden altar of the Shining One.
  1992 | D:3      | Noticed Robin
  1997 | D:3      | Reached XP level 5. HP: 36/42 MP: 5/5
  2008 | D:3      | Killed Robin
  2152 | D:3      | Noticed Natasha
  2171 | D:3      | Killed Natasha
  2651 | D:3      | Found a shattered altar of Ashenzari.
  3184 | D:4      | Noticed Natasha
  3189 | D:4      | Killed Natasha
  3189 | D:4      | Gained mutation: You are partially covered in icy blue scales. (AC +2) [demonic ancestry]
  3189 | D:4      | Reached XP level 6. HP: 33/48 MP: 6/6
  3373 | D:4      | Noticed Natasha
  3386 | D:4      | Killed from afar by a shadow imp

Vault maps used:
D:1:      dpeg_arrival_caged_fury, minmay_misc_feat_diagonals
D:2:      overflow_temple_1_default
D:3:      nicolae_overflow_crystal_walls, overflow_temple_1_default, uniq_robin,
          uniq_natasha
D:4:      first_bread

Skill      XL: |  1  2  3  4  5  6 |
---------------+-------------------+-----
Axes           | 2 3 4 |  4.0
Armour         | 3 |  3.9
Shields        | 3 |  3.5
Fighting       | 4 |  4.1

Action                   |  1- 3 |  4- 6 || total
-------------------------+-------+-------++-------
Melee: War axe           |   134 |   270 ||   404
 Stab: Distracted        |       |     1 ||     1
  Eat: Chunk             |     1 |     8 ||     9
Armor: Scale mail        |    93 |   164 ||   257
Dodge: Dodged            |    37 |    73 ||   110
Block: Shield            |    76 |   174 ||   250
